[Event "ONJK 2024 ABC"]
[Site "Velp, Netherlands"]
[Date "2024.08.02"]
[Round "1.1"]
[White "Leenen, Boyd"]
[Black "Decraene, Lotus"]
[Result "1/2-1/2"]
[TimeControl "90 minutes + 30 seconds"]
[WhiteElo "1921"]
[BlackElo "1799"]

1. d4 d5 2. c4 e6 3. Nc3 Nf6 4.
cxd5 exd5 5. Bg5 Be7 6. e3 Nbd7 7. Bd3 Nf8 8. Nge2 Ne6 9. Bh4 O-O 10. O-O b6 11. Qc2 h6 12. f3 Bb7 13.
Rae1 c5 14. Bf2 Rc8 15. Ng3 Ne8 16. Rd1 cxd4 17. exd4 Nd6 18. Nf5 Bf6 19. Nxd6 Qxd6 20. Qa4 a6 21. Ne2 b5 1/2-1/2

[Event "ONJK 2024 ABC"]
[Site "Velp, Netherlands"]
[Date "2024.08.02"]
[Round "1.2"]
[White "Blokzijl, Ruben"]
[Black "Elferink, Leon"]
[Result "0-1"]
[TimeControl "90 minutes + 30 seconds"]
[WhiteElo "1743"]
[BlackElo "1900"]

1. e4 e5 2. Nf3 Nc6 3. Bc4 Bc5 4. d3 Nf6 5. Nc3 a6 6. Bg5 d6 7. Nd5 Be6 8. c3 Na5 9. Qa4+ Bd7 10.
Qc2 Nxc4 11. dxc4 c6 12. Nxf6+ gxf6 13. Bh4 Qe7 14. Rd1 Qe6 15. Qd3 a5 16. Nd2 Qg4 17. Qg3 f5 18. f3 Qg6 19.
Qxg6 fxg6 20. Nb3 fxe4 21. Nxc5 dxc5 22. fxe4 Bg4 23. Rd2 O-O 24. h3 Be6 25. b3 Rf4 26. Bg3 Rxe4+ 27. Kd1 Re3 28.
Bf2 Rxc3 29. Bxc5 a4 30. Bb4 Re3 31. Re1 Rxe1+ 32. Kxe1 axb3 33. axb3 Ra1+ 34. Rd1 Rxd1+ 35. Kxd1 b5 36.
Bc3 bxc4 37. bxc4 Bxc4 38. Bxe5 Bf1 39. h4 Bxg2 40. Kd2 Kf7 41. Bf4 Kg7 42. Ke3 Kf6 43. Bg5+ Kf5 44. Kd4 Kg4 45.
Ke5 Kh5 46. Kf4 c5 47. Bf6 c4 48. Kg3 Bf1 49. Kf4 h6 50. Be7 c3 51. Bf6 c2 52. Bb2 Kxh4 0-1

[Event "ONJK 2024 ABC"]
[Site "Velp, Netherlands"]
[Date "2024.08.02"]
[Round "1.3"]
[White "Musabayeva, Diana"]
[Black "Hesse, Lucas"]
[Result "1-0"]
[TimeControl "90 minutes + 30 seconds"]
[WhiteElo "1871"]
[BlackElo "1708"]

1. e4 d5 2. exd5 Qxd5 3. Nc3 Qa5 4.
Nf3 Bg4 5. Be2 e6 6. O-O Nf6 7. d4 Bb4 8. Bd2 Nbd7 9. h3 Bh5 10. a3 Bxc3 11. Bxc3 Qb6 12. Ne5 Bxe2 13. Qxe2 Nf8 14.
Bb4 Qxd4 15. Qb5+ N8d7 16. Nxd7 c6 17. Qxb7 Rd8 18. Nxf6+ Qxf6 19. Rad1 a5 20. Qxc6+ Rd7 21. Qxd7# 1-0

[Event "ONJK 2024 ABC"]
[Site "Velp, Netherlands"]
[Date "2024.08.02"]
[Round "1.4"]
[White "Faybish, Dana"]
[Black "De Vries, Arjan"]
[Result "0-1"]
[TimeControl "90 minutes + 30 seconds"]
[WhiteElo "1707"]
[BlackElo "1843"]

1. e4 e5 2. Nf3 Nc6 3. Bc4 Bc5 4. d3 Nf6 5. O-O d6 6. c3 O-O 7. Nbd2 Bg4 8. Re1 a6 9. Bb3 h6 10.
Nf1 d5 11. exd5 Nxd5 12. h3 Be6 13. Qe2 Qf6 14. Ng3 Qg6 15. Kh1 Rfe8 16. Ne4 Ba7 17. Nh4 Qh7 18. Qf3 Rad8 19. Ng3 Nde7 20.
Ne4 Bxb3 21. axb3 Rf8 22. Qe2 Nd5 23. Bd2 Kh8 24. Rad1 Nf6 25. Nxf6 gxf6 26. Qf3 Rxd3 27. Qxf6+ Kg8 28.
Nf5 Qg6 29. Nxh6+ Kh7 30. Qh4 Kg7 31. Be3 Rxd1 32. Rxd1 Bxe3 33. fxe3 Qxh6 34. Qe4 Qg6 35. Qf3 Rd8 36. Rxd8 Nxd8 37. Qd5 Qd6 38. Qe4 Qe6 39. Kh2 Nc6 40.
b4 f5 41. Qh4 Qf6 42. Qc4 f4 43. exf4 Qxf4+ 0-1

[Event "ONJK 2024 ABC"]
[Site "Velp, Netherlands"]
[Date "2024.08.02"]
[Round "1.5"]
[White "Rogozyanskiy, Alexander"]
[Black "Ganeshram, Nirupa"]
[Result "1-0"]
[TimeControl "90 minutes + 30 seconds"]
[WhiteElo "1803"]
[BlackElo "1695"]

1. e4 c5 2. Nf3 d6 3. d4 cxd4 4. Nxd4 Nf6 5. Nc3 g6 6. Be3 Bg7 7. f3 O-O 8. Qd2 Nc6 9. g4 Be6 10.
Nxe6 fxe6 11. O-O-O Qc8 12. h4 Ne5 13. Be2 Nfd7 14. h5 Nxf3 15. Nd5 exd5 16. Qxd5+ Rf7 17. Bxf3 Ne5 18. Be2 Qc6 19.
hxg6 hxg6 20. Qb3 Qxe4 21. Rde1 a6 22. Bd2 Qc6 23. Bc3 Rc8 24. Rhf1 Nc4 25. Rxf7 Kxf7 26. Bxc4+ Qxc4 27. Bxg7 Qxb3 28.
axb3 Kxg7 29. Rxe7+ Kf6 30. Rxb7 Rc6 31. Kd2 Ke5 32. Kd3 d5 33. Rb4 Ke6 34. Rf4 Ke5 35. Rf2 Ke6 36. Kd4 a5 37.
g5 Kd7 38. Kxd5 Rd6+ 39. Kc5 Re6 40. Rd2+ Ke7 41. c4 Re3 42. b4 axb4 43. Kxb4 Re5 44. Rd5 Re2 45. b3 Ke6 46. Kb5 Re3 47.
b4 Re1 48. Rc5 Re2 49. Kb6 Rc2 50. b5 Rc1 51. Kb7 Rd1 52. b6 Rd7+ 53. Rc7 Rd4 54. Kc8 1-0

[Event "ONJK 2024 ABC"]
[Site "Velp, Netherlands"]
[Date "2024.08.02"]
[Round "1.6"]
[White "Madularea, David"]
[Black "Luijkx, Dagmar"]
[Result "1-0"]
[TimeControl "90 minutes + 30 seconds"]
[WhiteElo "2190"]
[BlackElo "1653"]

1. e4 e6 2. d4 d5 3. e5 c5 4. c3 Nc6 5. Nf3 Bd7 6. Be2 Qb6 7. O-O cxd4 8. cxd4 Nge7 9. Na3 Ng6 10.
Nc2 Be7 11. Re1 O-O 12. Bd3 Rac8 13. h4 Nb4 14. Nxb4 Bxb4 15. Re3 Rc7 16. h5 Ne7 17. a3 Qa5 18. Rb1 Nf5 19. Bxf5 exf5 20.
axb4 Qxb4 21. Bd2 Qb6 22. Ra3 Qe6 23. h6 gxh6 24. Nh4 Kh8 25. Qh5 Rc6 26. Rf3 1-0

[Event "ONJK 2024 ABC"]
[Site "Velp, Netherlands"]
[Date "2024.08.02"]
[Round "1.7"]
[White "Hagen, Carlijn"]
[Black "Blok, Xaveer"]
[Result "0-1"]
[TimeControl "90 minutes + 30 seconds"]
[WhiteElo "1645"]
[BlackElo "1885"]

1. d4 d5 2. Bf4 c5 3. e3 Nc6 4. c3 Bf5 5. Nf3 e6 6. Bd3 Bxd3 7. Qxd3 Nf6 8. Nbd2 Bd6 9. Bg3 O-O 10.
Ne5 Be7 11. Ndf3 Nd7 12. h4 h6 13. h5 Rc8 14. Nxd7 Qxd7 15. O-O Rfd8 16. Rad1 c4 17. Qe2 b5 18. Kh1 b4 19. Qc2 Qe8 20.
Ng1 a5 21. Ra1 Bd6 22. Bxd6 Rxd6 23. Nh3 Rb8 24. b3 cxb3 25. axb3 Rdd8 26. Rfc1 bxc3 27. Qxc3 Rdc8 28. Qb2 Qe7 29.
Nf4 Rb5 30. Rc2 Qb7 31. Rb1 a4 32. Rc3 Rb8 33. Nd3 Rxb3 34. Rxb3 Qxb3 35. Qxb3 Rxb3 36. Rxb3 axb3 37. Kg1 Na5 38.
g4 Nc4 39. Kg2 b2 40. Nxb2 Nxb2 41. Kg3 f6 42. f4 Nc4 43. Kf3 Kf7 44. Ke2 f5 45. g5 Nd6 46. g6+ Ke7 47. Kf3 Ne4 48. Kg2 Nf6 49. Kh3 Nxh5 50.
Kh4 Nf6 51. Kg3 Ng8 0-1

[Event "ONJK 2024 ABC"]
[Site "Velp, Netherlands"]
[Date "2024.08.02"]
[Round "1.8"]
[White "Musabayev, Maxim"]
[Black "Zootjes, Aaron"]
[Result "1-0"]
[TimeControl "90 minutes + 30 seconds"]
[WhiteElo "1824"]
[BlackElo "1639"]

1. e4 c5 2. Nf3 d6 3. d4 cxd4 4. Nxd4 Nf6 5. Nc3 a6 6. Be3 e5 7. Nb3 Be7 8. Be2 Nc6 9. Qd2 Be6 10.
O-O O-O 11. Rad1 Rc8 12. Kh1 b5 13. f3 Qd7 14. Qe1 Nb4 15. Rd2 d5 16. f4 Qb7 17. fxe5 Nxe4 18. Nxe4 dxe4 19. Qb1 Nd5 20. Bd4 Bg5 21. Rdd1 Be3 22.
c3 Bxd4 23. Rxd4 Ne3 24. Re1 Nf5 25. Rxe4 Bd5 26. Bf3 Ne7 27. Rh4 Ng6 28. Bxd5 Qxd5 29. Rd4 Qb7 30. Qf5 Rfd8 31. e6 Rf8 32.
Nc5 Qe7 33. exf7+ Qxf7 34. Qxf7+ Rxf7 35. Nxa6 Rf2 36. Rb1 Re8 37. b4 Ree2 38. Rd8+ Kf7 39. Nc7 Rxg2 40. Rf1+ Ke7 41. Re8+ Kd6 42.
Nxb5+ Kd5 43. Rf5+ Kc4 44. Rc5+ Kd3 45. Rd5+ Kc4 46. Rc5+ Kd3 47. Rd8+ Kc2 48. Nd4+ 1-0

[Event "ONJK 2024 ABC"]
[Site "Velp, Netherlands"]
[Date "2024.08.02"]
[Round "1.9"]
[White "Balde, Esko"]
[Black "Kool, Jesper"]
[Result "1/2-1/2"]
[TimeControl "90 minutes + 30 seconds"]
[WhiteElo "1637"]
[BlackElo "1823"]

1. d4 d5 2. c4 e6 3. Nf3 c5 4. cxd5 exd5 5. Nc3 Nf6 6. Bg5 Be6 7. e4 Be7 8. exd5 Nxd5 9. Bb5+ Nc6 10.
Bxe7 Qxe7 11. O-O O-O 12. Nxd5 Bxd5 13.
Re1 Qf6 14. Bxc6 Bxc6 15. Ne5 Rad8 16. Qc2 Rxd4 17. Qxc5 Rd5 18. Qc3 Rd6 19. Nxc6 Rxc6 20. Qxf6 1/2-1/2

[Event "ONJK 2024 ABC"]
[Site "Velp, Netherlands"]
[Date "2024.08.02"]
[Round "1.10"]
[White "Van Groning, Christian"]
[Black "Zhezheria, Maksym"]
[Result "0-1"]
[TimeControl "90 minutes + 30 seconds"]
[WhiteElo "1778"]
[BlackElo "1626"]

1. e4 e6 2. d4 d5 3. e5 c5 4. c3 Nc6 5. Nf3 Qb6 6. Be2 Nh6 7. Bxh6 Qxb2 8. Bxg7 Bxg7 9. Nbd2 Qxc3 10.
Rc1 Qa5 11. dxc5 Nxe5 12. Nxe5 Bxe5 13. Qb3 Bd7 14. Rc2 Bc6 15. Qe3 Bf6 16. Bh5 Rf8 17. Qxe6+ Be7 18. O-O Qc7 19. Re1 Qd7 20.
Qe5 O-O-O 21. Qxe7 Qf5 22. Ne4 dxe4 23. Qh4 Qd5 24. Bg4+ Kb8 25. Rcc1 e3 26. Qg3+ Ka8 27. fxe3 Qxa2 28.
Rcd1 Rd2 29. Bf3 Bxf3 30. Qxf3 Rg8 31. Rxd2 Qxd2 32. Rb1 Qd7 33. Qe4 f5 34. Qf3 Qc6 35. Qxc6 bxc6 36. Kf2 Rd8 37.
Kf3 Rd5 38. Rc1 a5 39. h4 Ka7 40. e4 fxe4+ 41. Kxe4 Ka6 42. g4 h6 43. Kf4 a4 44. g5 Rd4+ 45. Kg3 hxg5 46. hxg5 Kb5 47.
g6 a3 48. g7 Rd8 49. Kf4 Rg8 50. Rg1 a2 51. Ke5 Rxg7 52. Ra1 Ra7 53. Kd4 Ra4+ 54. Kc3 Kxc5 55. Kb3 Kb5 56. Kc3 c5 57.
Kb3 c4+ 58. Kc3 Ra3+ 59. Kb2 Kb4 60. Kc2 c3 61. Kd1 Kb3 62. Kc1 c2 0-1

[Event "ONJK 2024 ABC"]
[Site "Velp, Netherlands"]
[Date "2024.08.02"]
[Round "1.11"]
[White "Helderman, Faas"]
[Black "Frederiks, Jesse"]
[Result "1/2-1/2"]
[TimeControl "90 minutes + 30 seconds"]
[WhiteElo "1603"]
[BlackElo "1757"]

1. d4 Nf6 2. Bf4 g6 3. Nc3 Bg7 4. e4 d6 5. Qd2 O-O 6. O-O-O c6 7. h4 Qa5 8. f3 b5 9. Kb1 b4 10.
Nce2 Be6 11. b3 c5 12. d5 Bd7 13. Ng3 Qa3 14. Qc1 Qxc1+ 15. Bxc1 a5 16. h5 a4 17. hxg6 hxg6 18. Bh6 axb3 19.
cxb3 Na6 20. Bxg7 Kxg7 21. Bxa6 Rxa6 22. Nf1 Bb5 23. Ne3 Rc8 24. Nh3 c4 25. bxc4 Bxc4 26. Nxc4 Rxc4 27. Rc1 Rd4 28.
Rhd1 Rxd1 29. Rxd1 Nd7 30. Nf2 Nc5 31. Nd3 b3 32. axb3 Nxb3 33. Kb2 Rb6 34. Kc3 Rb7 35. Rb1 Nc5 36.
Rxb7 Nxb7 37. Kd4 g5 38. e5 Kg6 39. g4 f5 40. exf6 Kxf6 41. Nf2 Nc5 42. Ne4+ Nxe4 43. Kxe4 e6 44.
dxe6 Kxe6 45. f4 d5+ 46. Ke3 gxf4+ 47. Kxf4 Kf6 48. Ke3 Kg5 49. Kd4 Kxg4 50. Kxd5 1/2-1/2

[Event "ONJK 2024 ABC"]
[Site "Velp, Netherlands"]
[Date "2024.08.02"]
[Round "1.12"]
[White "De Rycke, Killian"]
[Black "Coorevits, Arthur"]
[Result "1-0"]
[TimeControl "90 minutes + 30 seconds"]
[WhiteElo "1751"]
[BlackElo "1573"]

1. e4 e5 2. Nf3 Nc6 3. Bc4 Bc5 4. d3 Nf6 5. Bg5 d6 6. h3 Be6 7. Bb3 h6 8. Bh4 g5 9. Bg3 d5 10.
exd5 Nxd5 11. Nxe5 Nxe5 12. Bxe5 Rg8 13. Nd2 Bd6 14. Bxd6 Qxd6 15. Ne4 Qe5 16.
g4 Qxb2 17. O-O O-O-O 18. Qd2 Qe5 19. Qa5 f5 20. Nc5 b6 21. Qa6+ Kb8 22. Qb7# 1-0

[Event "ONJK 2024 ABC"]
[Site "Velp, Netherlands"]
[Date "2024.08.02"]
[Round "1.13"]
[White "Zhao, Nick"]
[Black "Lejzerowicz, Nathan"]
[Result "1-0"]
[TimeControl "90 minutes + 30 seconds"]
[WhiteElo "1836"]
[BlackElo "1668"]

1. d4 Nf6 2. c4 c5 3. d5 b5 4.
cxb5 a6 5. bxa6 Bxa6 6. Nc3 d6 7. e4 Bxf1 8. Kxf1 g6 9. Bg5 Bg7 10. Qd2 O-O 11. Bh6 Nbd7 12. Bxg7 Kxg7 13. f4 Qb6 14.
Nf3 Rfb8 15. Rb1 Ra7 16. g3 Qb4 17. Qd3 c4 18. Qd4 Qc5 19. Kg2 Rab7 20. Qd2 Ng4 21. Rhe1 Qa7 22. h3 Ngf6 23. e5 dxe5 24. fxe5 Ne8 25.
Nd4 Rc8 26. Nc6 Qc5 27. Ne4 Qb6 28. Nxe7 Ra8 29. Nc3 Nc5 30. d6 Nd3 31. Ned5 Nxe1+ 32. Qxe1 Qc6 33. Kh2 Rab8 34. Qd2 f6 35.
exf6+ Nxf6 36. Nxf6 Kxf6 37. Nd5+ Kg7 38. Qd4+ Kh6 39. Qf4+ Kg7 40. Qf6+ Kh6 41. Ne3 Qe4 42. Ng4+ Qxg4 43.
hxg4 Rb5 44. Kg2 c3 45. Rh1+ Rh5 46. g5# 1-0

[Event "ONJK 2024 ABC"]
[Site "Velp, Netherlands"]
[Date "2024.08.02"]
[Round "1.14"]
[White "Smeets, Bent"]
[Black "Meert, Maarin"]
[Result "0-1"]
[TimeControl "90 minutes + 30 seconds"]
[WhiteElo "1657"]
[BlackElo "1811"]

1. d4 d5 2. c4 c6 3. Nc3 Nf6 4. Nf3 dxc4 5. e3 b5 6. a4 b4 7. Na2 b3 8. Nc3 Ba6 9. Ne5 Nbd7 10.
Bxc4 Bxc4 11. Nxc4 Rb8 12. Ra3 Rb4 13. Nd2 Nb6 14. Rxb3 e6 15. Rxb4 Bxb4 16. Qb3 a5 17. Na2 Qd5 18.
Qxd5 cxd5 19. Nxb4 axb4 20. b3 O-O 21. Ke2 Rc8 22. Bb2 Rc2 23. a5 Nbd7 24. Bc1 Ne4 25. f3 Nc3+ 26. Kd3 Ra2 27.
Re1 Nb5 28. e4 Kf8 29. Nb1 Nb8 30. Bd2 Na6 31. Rc1 Rb2 32. Rc8+ Ke7 33. Ra8 Nbc7 34. Ra7 Kd7 35. Nc3 Rxb3 36.
Kc2 Rxc3+ 37. Bxc3 bxc3 38. Rb7 Kc6 39. Rb6+ Kd7 40. Kxc3 dxe4 41. fxe4 f5 42. Kd3 f4 43. Kc4 Kc8 44.
d5 exd5+ 45. exd5 Nb8 46. d6 Ne8 47. Kb5 Nd7 48. Kc6 Nxb6 49. axb6 Nf6 50. b7+ Kb8 51. d7 Nxd7 52. Kxd7 Kxb7 53.
Ke6 g5 54. Kf5 h6 55. Kg6 g4 0-1

[Event "ONJK 2024 ABC"]
[Site "Velp, Netherlands"]
[Date "2024.08.02"]
[Round "1.15"]
[White "Roebers, Bregje"]
[Black "Hagen, Maurits"]
[Result "1-0"]
[TimeControl "90 minutes + 30 seconds"]
[WhiteElo "1796"]
[BlackElo "1654"]

1. e4 e5 2. Nc3 Bc5 3. Bc4 d6 4. d3 Nc6 5. a4 h6 6. h3 Nf6 7. Nge2 O-O 8. O-O a6 9. Kh2 Bd7 10.
Bd2 Nd4 11. Nxd4 Bxd4 12. Bb3 c6 13. f4 Bc8 14. a5 d5 15. exd5 Nxd5 16. Nxd5 cxd5 17. c3 Ba7 18. fxe5 d4 19.
Bc4 Qh4 20. Rf4 Qe7 21. Qe2 dxc3 22. Bxc3 Be6 23. d4 Rad8 24. Raf1 Rd7 25. b3 Rc8 26. d5 Bxd5 27. Bxd5 Rxd5 28.
Rxf7 Qe6 29. Qf3 Rd7 30. Rxd7 Qxd7 31. Kh1 Qc7 32. Qd5+ Kh8 33. Bb4 Rd8 34. Bd6 Qd7 35. e6 Qe8 36.
Qe5 Bb8 37. Bxb8 Rxb8 38. e7 Kh7 39. Rf8 Qxf8 40. exf8=Q Rxf8 41. Qc7 Rf1+ 42. Kh2 Ra1 43.
b4 1-0

[Event "ONJK 2024 ABC"]
[Site "Velp, Netherlands"]
[Date "2024.08.02"]
[Round "1.16"]
[White "Maes, Lander"]
[Black "De Wit, Evan"]
[Result "0-1"]
[TimeControl "90 minutes + 30 seconds"]
[WhiteElo "1645"]
[BlackElo "1782"]

1. e4 c5 2. Nc3 e5 3. g3 g6 4. d3 Bg7 5. Bg2 Ne7 6. Be3 d6 7. f4 O-O 8. Qd2 Nbc6 9. Nf3 a6 10.
h3 f5 11. Rb1 b5 12. fxe5 Nxe5 13. Nxe5 Bxe5 14. Bf4 Bxf4 15. Qxf4 fxe4 16. Qxe4 Ra7 17. Qh4 Qe8 18. Ne2 Nf5 19.
Qe4 Re7 20. Qd5+ Kg7 21. Qf3 Nd4 22. Qd5 Rxe2+ 23. Kd1 Qe3 0-1

[Event "ONJK 2024 ABC"]
[Site "Velp, Netherlands"]
[Date "2024.08.02"]
[Round "1.17"]
[White "Georgopoulos, Mylo"]
[Black "Deij, Casper"]
[Result "1/2-1/2"]
[TimeControl "90 minutes + 30 seconds"]
[WhiteElo "1776"]
[BlackElo "1629"]

1. e4 e5 2. Nf3 Nc6 3. Bc4 Bc5 4. d3 Nf6 5. Bg5 d6 6. Nc3 Be6 7. Nd2 h6 8. Bh4 g5 9. Bg3 Qe7 10.
Bxe6 fxe6 11. Nb3 Bb6 12. h4 Qg7 13. Qd2 O-O-O 14. O-O-O Nd4 15. Nxd4 Bxd4 16. f3 Nd7 17. Bf2 Bxf2 18.
Qxf2 Kb8 19. Rh2 Rdf8 20. hxg5 hxg5 21. Rdh1 Rxh2 22. Rxh2 a6 23. Nd1 g4 24. Qg3 Rg8 25. Qxg4 Qxg4 26.
fxg4 Nf6 27. Ne3 Nxg4 28. Nxg4 Rxg4 29. Kd2 Kc8 30. Ke3 Rg7 31. d4 exd4+ 32. Kxd4 Rg3 33. b4 c6 34. Rh8+ Kc7 35.
Rh7+ Kc8 36. Rh8+ Kc7 37. Rh7+ Kc8 38. Rh8+ 1/2-1/2

[Event "ONJK 2024 ABC"]
[Site "Velp, Netherlands"]
[Date "2024.08.02"]
[Round "1.18"]
[White "Van Duuren, Gilead"]
[Black "De Jong, Lode"]
[Result "0-1"]
[TimeControl "90 minutes + 30 seconds"]
[WhiteElo "1629"]
[BlackElo "1755"]

1. d4 Nf6 2. Bf4 e6 3. e3 c5 4. c3 Nc6 5. Nd2 d5 6. Ngf3 Nh5 7. Bg3 Nxg3 8. hxg3 Bd6 9. Qc2 h6 10.
Be2 Bd7 11. O-O-O Rc8 12. g4 Nb4 13. Qb1 cxd4 14. exd4 Qa5 15. a3 Na6 16. g5 Ba4 17. Rde1 Rxc3+ 18. Qc2 Rxc2+ 19. Kb1 Rxb2+ 20. Kxb2 0-1

[Event "ONJK 2024 ABC"]
[Site "Velp, Netherlands"]
[Date "2024.08.02"]
[Round "1.19"]
[White "Dijkhuijsen, Thomas"]
[Black "Breider, Jayden"]
[Result "1-0"]
[TimeControl "90 minutes + 30 seconds"]
[WhiteElo "1750"]
[BlackElo "1594"]

1. e4 c5 2. Nf3 d6 3. d4 cxd4 4. Nxd4 Nf6 5. Nc3 a6 6. Bd3 e6 7. O-O Bd7 8. Re1 Nc6 9. Be3 Nxd4 10.
Bxd4 e5 11. Be3 Be6 12. Qd2 Ng4 13. h3 Nxe3 14. Qxe3 Be7 15. Nd5 Bxd5 16. exd5 Bg5 17. Qe4 b5 18. a4 Bd2 19. Red1 Bg5 20.
axb5 axb5 21. Bxb5+ Ke7 22. Qf5 f6 23. Qe6+ Kf8 24. Bc6 Rc8 25. Ra7 1-0

[Event "ONJK 2024 ABC"]
[Site "Velp, Netherlands"]
[Date "2024.08.02"]
[Round "1.20"]
[White "Kapteijns, Niels"]
[Black "Vogels, Mathijs"]
[Result "0-1"]
[TimeControl "90 minutes + 30 seconds"]
[WhiteElo "1559"]
[BlackElo "1732"]

1. d4 d5 2. g3 g6 3. Bg2 Bg7 4. Nf3 Nc6 5. O-O e6 6. Bf4 Nge7 7. Nc3 a6 8. Qd2 Nf5 9. Be3 O-O 10.
Nd1 f6 11. g4 Nxe3 12. Qxe3 e5 13. h3 exd4 14. Nxd4 Nxd4 15. Qxd4 c6 16. c3 f5 17. Qb4 a5 18. Qb3 b5 19. Qc2 fxg4 20. hxg4 Bxg4 21. f3 Bf5 22. e4 dxe4 23. fxe4 Qb6+ 24.
Qf2 Qxf2+ 25. Nxf2 Be6 26. e5 Rac8 27. Rfe1 Rfe8 28. Re3 Bh6 29. Ree1 Bf5 30. Bh3 Bxh3 31. Nxh3 Re6 32. a4 Ra8 33.
Nf2 Bg7 34. Nd3 Rd8 35. Re3 Ra8 36. b3 Bf8 37. Re4 Bd6 38. Rae1 Bc7 39. Kg2 Rae8 40. Kf3 Kg7 41. Kf4 Rf8+ 42.
Kg4 h5+ 43. Kh4 Kh6 44. Kg3 Rf5 45. Kh3 Rf3+ 0-1

[Event "ONJK 2024 ABC"]
[Site "Velp, Netherlands"]
[Date "2024.08.03"]
[Round "2.1"]
[White "Elferink, Leon"]
[Black "Rogozyanskiy, Alexander"]
[Result "1-0"]
[TimeControl "90 minutes + 30 seconds"]
[WhiteElo "1900"]
[BlackElo "1803"]

1. e4 c5 2. Nf3 e6 3. d4 cxd4 4. Nxd4 a6 5. Nc3 Qc7 6. a3 Nf6 7. Be2 Bc5 8. Be3 d6 9. Qd2 b5 10.
O-O Bb7 11. Bf3 O-O 12. Nb3 Nbd7 13. Rad1 Ne5 14. Bf4 Nc4 15. Qc1 Rfd8 16. Nxc5 Qxc5 17. Rfe1 Rac8 18. Be3 Qc7 19. Bd2 Nd7 20.
Be2 Ndb6 21. Be3 Nxe3 22. Qxe3 Nc4 23. Bxc4 Qxc4 24. Rd4 Qc5 25. Red1 Rc6 26. e5 d5 27. Qg5 Re8 28. Rg4 g6 29.
h4 Qe7 30. Qh6 Rc4 31. Rdd4 Rxd4 32. Rxd4 Rc8 33. h5 Rc4 34. hxg6 hxg6 35. Qe3 Qc5 36. Rxc4 Qxe3 37. Rc8+ Bxc8 38.
fxe3 g5 39. Kf2 Kg7 40. e4 dxe4 41. Nxe4 Kg6 42. g4 a5 43. b4 axb4 44. axb4 Bb7 45. Ke3 Bc6 46. Kd4 Be8 47. Nf6 Bc6 48.
Kc5 Bf3 49. Kxb5 Bxg4 50. Nxg4 Kf5 51. Ka6 Kxg4 52. b5 Kf3 53. b6 g4 54. b7 g3 55. b8=Q g2 56. Qb6 1-0

[Event "ONJK 2024 ABC"]
[Site "Velp, Netherlands"]
[Date "2024.08.03"]
[Round "2.2"]
[White "Bernfeld, Ben"]
[Black "Musabayeva, Diana"]
[Result "1/2-1/2"]
[TimeControl "90 minutes + 30 seconds"]
[WhiteElo "1438"]
[BlackElo "1871"]

1. e4 c5 2. c3 Nf6 3. e5 Nd5 4. d4 cxd4 5. Nf3 d6 6. exd6 e6 7. Nxd4 Bxd6 8. Nd2 O-O 9. Nc4 Bf4 10.
Bxf4 Nxf4 11. g3 Ng6 12. Bg2 Qc7 13. Qb3 a6 14. O-O e5 15. Nc2 Nd7 16. Rad1 Rb8 17. N2e3 b5 18. Nd6 Nc5 19.
Qd5 Be6 20. Qc6 Qxc6 21. Bxc6 Bxa2 22. Ra1 Bb3 23. Ne4 Na4 24. Ra3 Ne7 25. Bd7 Rfd8 26. Bg4 Bd5 27. b3 Bxe4 28. bxa4 Rd3 29.
Rc1 f5 30. Be2 Rd2 31. Kf1 f4 32. Ng4 f3 33. Bd1 Nc6 34. Ke1 Rbd8 35. axb5 axb5 36. Bb3+ Kf8 37. Rd1 Re2+ 38. Kf1 Bd3 39.
Kg1 Ke7 40. Ra6 Bc4 41. Rf1 Bxb3 42. Rxc6 Bc4 43. Ra1 Ra8 44. Rd1 Rd8 45. Ra1 h5 46. Ne3 Rdd2 47. Nxc4 bxc4 48. Rxc4 Rxf2 49.
Ra6 Rg2+ 50. Kf1 Rd1# 1/2-1/2

[Event "ONJK 2024 ABC"]
[Site "Velp, Netherlands"]
[Date "2024.08.03"]
[Round "2.3"]
[White "De Vries, Arjan"]
[Black "Leenen, Boyd"]
[Result "0-1"]
[TimeControl "90 minutes + 30 seconds"]
[WhiteElo "1843"]
[BlackElo "1921"]

1. e4 e5 2. Nf3 Nc6 3. Bc4 Bc5 4. d3 d6 5. Nc3 Bg4 6. h3 Bh5 7. Na4 Bb6 8. c3 Nge7 9. g4 Bg6 10.
Nh4 Qd7 11. Qf3 Ba5 12. Bd2 a6 13. b4 b5 14. Nxg6 Nxg6 15. Bd5 bxa4 16. bxa5 Rb8 17. Bxc6 Qxc6 18. O-O O-O 19. Rab1 Qc5 20.
Qe3 Rxb1 21. Rxb1 Qa3 22. Qe1 Qxa2 23. Qc1 Nh4 24. Be3 a3 25. Kf1 h5 26. Ra1 Qe6 27. Qd1 a2 28. c4 Rb8 29.
Rxa2 c6 30. Bg5 Ng6 31. Kg2 h4 32. Be3 d5 33. Qc2 Qd6 34. Rb2 Rxb2 35. Qxb2 dxe4 36. dxe4 Qd3 37. Kf3 Qxc4 38. Qb6 Kh7 39.
Qb1 Qc3 40. Qb6 Qd3 41. Qc7 f6 42. Kg2 Qxe4+ 43. Kf1 Qh1+ 44. Ke2 Qe4 45. Kf1 Nf4 46. Bxf4 exf4 47. Qb6 f3 48. Kg1 Qe1+ 49.
Kh2 Qf1 0-1

[Event "ONJK 2024 ABC"]
[Site "Velp, Netherlands"]
[Date "2024.08.03"]
[Round "2.4"]
[White "Decraene, Lotus"]
[Black "Blokzijl, Ruben"]
[Result "1-0"]
[TimeControl "90 minutes + 30 seconds"]
[WhiteElo "1799"]
[BlackElo "1743"]

1. e4 d6 2. d4 Nf6 3. Nc3 e5 4. dxe5 dxe5 5. Qxd8+ Kxd8 6. Nf3 Bd6 7. Bc4 Ke8 8. Bg5 Nbd7 9. O-O-O a6 10. Rhe1 b5 11.
Bd5 Nxd5 12. Nxd5 f6 13. Be3 Bb7 14. Nh4 g6 15. g3 Bxd5 16. Rxd5 Ke7 17. f4 c6 18. Rd3 Rad8 19. Red1 Nc5 20. Rxd6 1-0

[Event "ONJK 2024 ABC"]
[Site "Velp, Netherlands"]
[Date "2024.08.03"]
[Round "2.5"]
[White "Hesse, Lucas"]
[Black "Faybish, Dana"]
[Result "0-1"]
[TimeControl "90 minutes + 30 seconds"]
[WhiteElo "1708"]
[BlackElo "1707"]

1. e4 c5 2. Nf3 d6 3. d4 cxd4 4. Nxd4 Nf6 5. Nc3 g6 6.
Bg5 Bg7 7. Bc4 a6 8. O-O O-O 9. Re1 Nbd7 10. Nf3 Rb8 11. e5 dxe5 12. Nxe5 Nxe5 13. Rxe5 Qc7 14. Qe2 Ng4 15. Rxe7 Qxh2+ 16. Kf1 Qh1# 17. Bc1 0-1

[Event "ONJK 2024 ABC"]
[Site "Velp, Netherlands"]
[Date "2024.08.03"]
[Round "2.6"]
[White "Vagenende, Lars"]
[Black "Madularea, David"]
[Result "0-1"]
[TimeControl "90 minutes + 30 seconds"]
[WhiteElo "1686"]
[BlackElo "2190"]

1. e4 c5 2. c3 e6 3. d4 d5 4. exd5 exd5 5. Nf3 a6 6. Be3 b6 7. Nbd2 Bd6 8. dxc5 Bxc5 9. Nd4 Nf6 10.
Bd3 O-O 11. O-O Ng4 12. N2b3 Bd6 13. h3 Nxe3 14. fxe3 Qg5 15. Qf3 g6 16. e4 Nd7 17. Nc6 Bb7 18. exd5 Bxc6 19. dxc6 Ne5 20.
Qe4 Qg3 21. Be2 Nxc6 22. Qxc6 Rae8 23. Qf3 Qh2+ 24. Kf2 Bg3+ 25. Qxg3 Rxe2+ 26. Kxe2 Qxg3 27. Rf2 Re8+ 28. Kf1 Qh2 29.
Rd2 Re6 30. Rad1 Rf6+ 31. Rf2 Qh1+ 32. Ke2 Rxf2+ 0-1

[Event "ONJK 2024 ABC"]
[Site "Velp, Netherlands"]
[Date "2024.08.03"]
[Round "2.7"]
[White "Blok, Xaveer"]
[Black "Vertongen, Jack"]
[Result "1-0"]
[TimeControl "90 minutes + 30 seconds"]
[WhiteElo "1885"]
[BlackElo "1674"]

1. e4 e5 2. Nf3 Nc6 3. d4 exd4 4. Nxd4 Bc5 5. Be3 Bb6 6. Bc4 d6 7. O-O Nf6 8. Nc3 Bd7 9. h3 Qe7 10.
Re1 h6 11. Nd5 Nxd5 12. exd5 Ne5 13. Nb5 Ba5 14. Bd2 Bxd2 15. Qxd2 Kd8 16. Qc3 Qf6 17. Be2 Bxb5 18. Bxb5 a6 19.
Ba4 Nd7 20. Qe3 b5 21. Bb3 Nc5 22. a4 Nxb3 23. Qxb3 Rb8 24. c4 b4 25. a5 Qd4 26. Re3 Re8 27. Rae1 Re5 28. Rxe5 dxe5 29.
Qg3 e4 30. Qh4+ Kd7 31. Qxe4 Qxe4 32. Rxe4 Kd6 33. b3 c6 34. dxc6 Kxc6 35. Re7 Rf8 36. Rb7 Kc5 37. Kf1 g5 38. Ke2 f5 39. Rc7+ Kd6 40. Ra7 Kc5 41. Rxa6 Re8+ 42. Kd2 Rd8+ 43. Kc1 Rd3 44. Kc2 Rc3+ 45. Kb2 Rd3 46. Rxh6 Rd2+ 47.
Kc1 Rxf2 48. Rf6 Kd4 49. a6 Kc3 50. Kd1 Kxb3 51. c5 Ra2 52. Rb6 Kc3 53. c6 Kd3 54. Kc1 Kc3 55. Rxb4 Kxb4 56. c7 Ra5 {time} 1-0

[Event "ONJK 2024 ABC"]
[Site "Velp, Netherlands"]
[Date "2024.08.03"]
[Round "2.8"]
[White "Van Deelen, Luca"]
[Black "Musabayev, Maxim"]
[Result "0-1"]
[TimeControl "90 minutes + 30 seconds"]
[WhiteElo "1662"]
[BlackElo "1824"]

1. e4 e5 2. Bc4 Bc5 3. Nc3 Nf6 4. d3 h6 5. Nf3 d6 6. h3 Nc6 7. O-O Be6 8. Bb3 O-O 9. Ne2 d5 10.
exd5 Bxd5 11. Ng3 Re8 12. Be3 Bb6 13. Re1 Qd6 14. Nf5 Qd7 15. Bxd5 Nxd5 16. Bxb6 axb6 17. Ne3 Nf4 18. Ng4 Qd5 19. Ne3 Qe6 20. Kh1 Rxa2 21.
Rxa2 Qxa2 22. Qd2 Qe6 23. c3 Qg6 24. Rd1 Rd8 25. Ne1 Ne7 26. Ng4 Qd6 27. Qe3 Neg6 28. h4 h5 29. Nh2 Nxh4 30.
g3 Qd5+ 31. f3 Nf5 32. Qg1 Nh3 33. Qg2 Ne3 34. Qxh3 Nxd1 35. Qxh5 Nxb2 36. Ng4 Nxd3 37. Qg5 Rd6 38. Nxd3 Qxf3+ 39. Kh2 Qxd3 40. Nxe5 Qe2+ 0-1